 Dungeon Crawl Stone Soup version 0.31-a0-189-ga26ba32dd1 (webtiles) character file.

Game seed: 1551588917420792918

55 qw the Shooter (level 3, 0/20 HPs)
             Began as a Deep Elf Hunter on June 23, 2023.
             Slain by Natasha (6 damage)
             ... on level 2 of the Dungeon.
             The game lasted 00:00:27 (918 turns).

qw the Shooter (Deep Elf Hunter)                     Turns: 918, Time: 00:00:28

Health: 0/20       AC:  6    Str: 10    XL:     3   Next: 67%
Magic:  5/5        EV: 12    Int: 13    God:
Gold:   40         SH:  0    Dex: 18    Spells: 2/2 levels left

rFire   . . .        Y - +0 shortbow
rCold   + + .        (shield currently unavailable)
rNeg    . . .        c - +0 leather armour
rPois   .            (no helmet)
rElec   .            (no cloak)
rCorr   .            e - +2 pair of gloves of Pudeg {+Blink rC+}
SInv    .            (no boots)
Will    .....        i - amulet of the acrobat
Stlth   ++           j - ring of protection from cold
HPRegen 0.23/turn    (no ring)
MPRegen 0.09/turn

%: acrobat
@: no status effects
A: no striking features
a: Evoke Blink


You were on level 2 of the Dungeon.
You visited 1 branch of the dungeon, and saw 2 of its levels.

You collected 40 gold pieces.


   Skills:
 - Level 1.5 Fighting
 + Level 7.2 Ranged Weapons
 - Level 2.4 Dodging
 - Level 1.2 Stealth


You had 2 spell levels left.
You didn't know any spells.
Your spell library was empty.

Inventory:

Hand Weapons
 Y - a +0 shortbow (weapon)
Armour
 c - a +0 leather armour (worn)
 e - the +2 pair of gloves of Pudeg (worn) {+Blink rC+}
   (You acquired it on level 1 of the Dungeon)

   rC:        It protects you from cold.
   +Blink:    It lets you blink.
 f - a +2 robe of fire resistance
 k - a +0 ring mail
Jewellery
 i - an amulet of the acrobat (around neck)
 j - a ring of protection from cold (left hand)
Scrolls
 b - a scroll of fear {unknown}
 g - a scroll of enchant armour
 h - a scroll of identify
Potions
 a - 2 potions of might {unknown}
 d - a potion of resistance

Dungeon Overview and Level Annotations

Branches:
Dungeon (2/15)

Altars:

Annotations:
D:2 Natasha


Message History

Natasha stares at you and mumbles some strange words.
You resist with some effort.
Natasha stares at you and mumbles some strange words.
The magic dart hits you!
You shoot an arrow. The arrow barely misses Natasha.
Natasha stares at you and mumbles some strange words.
You resist with some effort.
You shoot an arrow. The arrow barely misses Natasha.
Natasha claws you.
You shoot an arrow.
The arrow hits Natasha but does no damage.
Natasha is heavily wounded.
Natasha claws you.
You shoot an arrow. The arrow closely misses Natasha.
Natasha mumbles some strange words.
You feel troubled. Natasha claws you.
You shoot an arrow. The arrow hits Natasha.
Natasha is almost dead.
Natasha howls an incantation.
Natasha's front paws start to glow.
Natasha misses you.
You shoot an arrow.
The arrow hits Natasha but does no damage.
Natasha is almost dead.
Natasha claws you but does no damage.
You shoot an arrow. The arrow closely misses Natasha.
Natasha stares at you and mumbles some strange words.
You resist with some effort.
You shoot an arrow. The arrow hits Natasha.
Natasha is almost dead.
Natasha claws you but does no damage.
You shoot an arrow. The arrow closely misses Natasha.
Natasha barely misses you.
You shoot an arrow. The arrow barely misses Natasha.
Natasha claws you but does no damage.
You shoot an arrow. The arrow hits Natasha.
Natasha is almost dead.
Natasha claws you.
You die...

... .. .. .# .#
#.# #
.#########.# #.
##.#..##.#...#
#..#h##..#.##...#
#.@..##....##.#
#.##..#.##..#.#
#..##.#..##.#..#
##. ..##....##.#
# .##.#..##.#...#
#..#.##..#.##...#
.
##....##....####
#.. .##..#.##..#
#..##.#..##.#.#


You could see Natasha.

Vanquished Creatures
  Jessica (D:2)
  A worm (D:2)
  A dart slug (D:1)
  3 endoplasms (D:1)
  2 goblins (D:1)
  3 hobgoblins
  A kobold (D:1)
  2 quokkas
  2 ball pythons
  2 bats
  2 frilled lizards
  4 rats (D:1)
24 creatures vanquished.

Notes
Turn   | Place    | Note
-------+----------+-------------------------------------------
     0 | D:1      | qw the Deep Elf Hunter began the quest for the Orb.
     0 | D:1      | Reached XP level 1. HP: 12/12 MP: 3/3
     0 | D:1      | 0 ||| qw: Version: 0.3-a-9-g12657ce
     0 | D:1      | 0 ||| qw: Game counter: 4448
     0 | D:1      | 0 ||| qw: Always use a shield: true
     0 | D:1      | 0 ||| qw: God list: Okawaru
     0 | D:1      | 0 ||| qw: Allow faded altars: false
     0 | D:1      | 0 ||| qw: Do Orc after D:15 true
     0 | D:1      | 0 ||| qw: Do second Lair branch before Depths: true
     0 | D:1      | 0 ||| qw: Lair rune preference: random
     0 | D:1      | 0 ||| qw: Plans: Normal
     0 | D:1      | 0 ||| PLANNING D:1-11
   287 | D:1      | Reached XP level 2. HP: 16/16 MP: 4/4
   290 | D:1      | Reached skill level 6 in Ranged Weapons
   602 | D:1      | 602 ||| UPGRADING to amulet of the acrobat.
   607 | D:1      | 607 ||| UPGRADING to ring of protection from cold.
   608 | D:1      | 608 ||| READING 2 scrolls labelled JOUW ASAIBI.
   609 | D:1      | 609 ||| READING scroll labelled VYRGHU BEINERAD.
   609 | D:1      | Identified a scroll of acquirement
   609 | D:1      | 609 ||| ACQUIRING +2 pair of gloves of Pudeg {+Blink rC+}
   609 | D:1      | Acquired the +2 pair of gloves of Pudeg {+Blink rC+}
   611 | D:1      | 611 ||| UPGRADING to +2 pair of gloves of Pudeg {+Blink
                  | rC+}.
   616 | D:1      | 616 ||| READING 2 scrolls labelled POB GIOHOYH.
   617 | D:1      | 617 ||| READING 4 scrolls labelled MUP BAENOCS.
   618 | D:1      | 618 ||| READING scroll labelled RUKEKO ZIUVUTH.
   621 | D:1      | 621 ||| READING 3 scrolls of identify.
   621 | D:1      | 621 ||| IDENTIFYING golden potion
   622 | D:1      | 622 ||| READING 2 scrolls of identify.
   622 | D:1      | 622 ||| IDENTIFYING ruby potion
   623 | D:1      | 623 ||| DROPPING scroll of vulnerability.
   624 | D:1      | 624 ||| DROPPING scroll of butterflies.
   625 | D:1      | 625 ||| DROPPING potion of invisibility.
   724 | D:2      | Found a faded altar of an unknown god.
   724 | D:2      | Noticed Jessica
   732 | D:2      | Killed Jessica
   733 | D:2      | Reached skill level 7 in Ranged Weapons
   733 | D:2      | Reached XP level 3. HP: 20/20 MP: 5/5
   903 | D:2      | Noticed Natasha
   911 | D:2      | HP: 4/20 [Natasha (4)]
   918 | D:2      | Slain by Natasha

Levels and vault maps discovered:
D:1:      minmay_arrival_up_and_down, layout_loops_cross
D:2:      layout_rooms, serial_shops, nicolae_shop_trees,
          ebering_ecumenical_altar_sacrificial, serial_bayou_ford_a,
          nicolae_eternal_life, uniq_jessica, uniq_natasha

Skill      XL: |  1  2 |
---------------+-------+-----
Ranged Weapons | 7 |  7.2
Fighting       | |  1.5
Dodging        | |  2.4
Stealth        | |  1.2

Action                     || total
---------------------------++-------
   Fire: Shortbow          ||    96
    Use: Scroll            ||     7
 Armour: Leather armour    ||    10
  Dodge: Dodged            ||    17

Table legend:
 A = Non-vault XP
 B = Vault XP
 C = Vault XP percentage of total XP
 D = Non-vault monster count
 E = Vault monster count
 F = Vault count percentage of total count
                 A         B        C        D         E       F
            +---------+---------+-------+---------+---------+-------
      Total |      42 |      37 |  46.8 |      23 |       1 |   4.2
            +---------+---------+-------+---------+---------+-------
        D:1 |      27 |       0 |   0.0 |      16 |       0 |   0.0
        D:2 |      15 |      37 |  71.2 |       7 |       1 |  12.5
            +---------+---------+-------+---------+---------+-------
